 Dungeon Crawl Stone Soup version 0.18.1-8-gdd0e5ea (webtiles) character file.

557 Scarto the Ducker (level 7, 0/53 HPs)
             Began as a Demonspawn Gladiator on May 22, 2016.
             Was a Believer of Okawaru.
             Succumbed to Sigmund's poison
             ... on level 4 of the Dungeon.
             The game lasted 00:06:05 (2185 turns).

Scarto the Ducker (Demonspawn Gladiator)            Turns: 2185, Time: 00:06:05

Health: 0/53       AC: 14    Str: 17    XL:     7   Next: 9%
Magic:  7/7        EV:  1    Int: 10    God:    Okawaru [**....]
Gold:   74         SH: 11    Dex: 13    Spells: 0 memorised, 6 levels left

rFire  + . .     SeeInvis .     l - +4 hand axe (elec)
rCold  + . .     Gourm    .     m - +1 plate armour
rNeg   + . .     Faith    .     h - +0 large shield
rPois  +         Spirit   .     k - +2 hat
rElec  +         Dismiss  .     (no cloak)
rCorr  +         Reflect  .     (no gloves)
SustAt .         Harm     .     (no boots)
MR     .....                    (no amulet)
Stlth  ..........               (no ring)
                                j - ring of positive energy

@: lethally poisoned (0 -> -10), resistant, flying, not resistant to hostile
enchantments, extremely unstealthy
A: talons 1, rugged brown scales 1, demonic guardian 2, rot immunity
a: Heroism, Renounce Religion


You were on level 4 of the Dungeon.
You worshipped Okawaru.
Okawaru was pleased with you.
You were not hungry.

You visited 1 branch of the dungeon, and saw 4 of its levels.
You also visited: Sewer.

You collected 74 gold pieces.

Inventory:

Hand Weapons
 a - a +0 long sword
 l - a +4 hand axe of electrocution (weapon)
Missiles
 c - 40 bolts
 d - 3 throwing nets (quivered)
Armour
 h - a +0 large shield (worn)
 k - a +2 hat (worn)
 m - a +1 plate armour (worn)
Jewellery
 j - a ring of positive energy (left hand)
Scrolls
 e - a scroll of magic mapping
 i - 2 scrolls of remove curse
 o - a scroll of identify
Potions
 b - a potion of brilliance
 r - 2 potions of flight
Comestibles
 f - a bread ration
 g - a beef jerky
 s - a meat ration


   Skills:
 + Level 3.4 Fighting
 + Level 4.1 Long Blades
 + Level 2.5 Axes
 + Level 3.4 Throwing
 + Level 4.4 Dodging


You had 6 spell levels left.
You didn't know any spells.

Dungeon Overview and Level Annotations

Branches:
Dungeon (4/15)
 Temple: D:4-7

Altars:
Elyvilon
Okawaru


Innate Abilities, Weirdness & Mutations

You have sharp toenails.
You are partially covered in rugged brown scales (AC +1, +3% HP).
A demonic guardian rushes to your aid.
You are immune to rotting.


Message History

You feel less confused.
* * * LOW HITPOINT WARNING * * *
You feel sick.
* * * LOW HITPOINT WARNING * * *
You feel sick.
* * * LOW HITPOINT WARNING * * *
You feel sick.
* * * LOW HITPOINT WARNING * * *
You feel sick.
* * * LOW HITPOINT WARNING * * *
You feel sick.
* * * LOW HITPOINT WARNING * * *
You feel sick.
* * * LOW HITPOINT WARNING * * *
You feel sick.
* * * LOW HITPOINT WARNING * * *
You feel sick.
* * * LOW HITPOINT WARNING * * *
You feel sick.
You die...

##..#.......#
#...#...##.##
#..###.##.#.##
#..##..#.#...#
###...Z#...#.#
#....##.#..#
#....###..##
#.)..##..#.#
#...@#..#..#
#....#.#...#
#....##..###
#....###_#
#<...# ###
######


You could see a hound zombie.

Vanquished Creatures
  Grinder (D:4)
  Sigmund (D:4)
  3 gnolls (D:3)
  5 adders
  3 river rats (D:3)
  3 worms
  2 dart slugs
  2 ball pythons
  7 bats
  6 giant cockroaches
  7 goblins
  6 hobgoblins
  A jackal (Sewer)
  3 giant newts
  10 kobolds
  12 rats
72 creatures vanquished.

Vanquished Creatures (collateral kills)
  A big kobold (Sewer)
  A gnoll (D:3)
  A river rat (D:3)
3 creatures vanquished.

Grand Total: 75 creatures vanquished

Notes
Turn   | Place    | Note
--------------------------------------------------------------
     0 | D:1      | Scarto the Demonspawn Gladiator began the quest for the Orb.
     0 | D:1      | Reached XP level 1. HP: 16/16 MP: 1/1
   439 | D:1      | Gained mutation: You have sharp toenails. [demonic ancestry]
   439 | D:1      | Reached XP level 2. HP: 19/22 MP: 2/2
   817 | D:2      | Gained mutation: A weak demonic guardian rushes to your aid. [demonic ancestry]
   817 | D:2      | Reached XP level 3. HP: 25/27 MP: 3/3
   853 | D:2      | Found an iron altar of Okawaru.
   912 | D:2      | Became a worshipper of Warmaster Okawaru
  1367 | D:2      | Gained mutation: You are immune to rotting. [demonic ancestry]
  1367 | D:2      | Reached XP level 4. HP: 19/34 MP: 4/4
  1672 | D:3      | Reached skill level 1 in Axes
  1678 | D:3      | Gained mutation: You are partially covered in rugged brown scales (AC +1, +3% HP). [demonic ancestry]
  1678 | D:3      | Reached XP level 5. HP: 31/40 MP: 5/5
  1768 | D:3      | Found a glowing drain.
  1800 | Sewer    | Entered a sewer
  1891 | Sewer    | Found a white marble altar of Elyvilon.
  2131 | D:4      | Found a white marble altar of Elyvilon.
  2141 | D:4      | Noticed Grinder
  2148 | D:4      | Noticed Sigmund
  2148 | D:4      | Paralysed by Grinder for 4 turns
  2152 | D:4      | Killed Grinder
  2152 | D:4      | Reached * piety under Okawaru
  2152 | D:4      | Reached XP level 6. HP: 35/48 MP: 6/6
  2171 | D:4      | Killed Sigmund
  2171 | D:4      | Reached ** piety under Okawaru
  2171 | D:4      | Gained mutation: A demonic guardian rushes to your aid. [demonic ancestry]
  2171 | D:4      | Reached XP level 7. HP: 16/53 MP: 7/7
  2183 | D:4      | HP: 2/53 [poisoned by Sigmund]
  2185 | D:4      | Succumbed to Sigmund's poison

Skill      XL: |  1  2  3  4  5 |
---------------+----------------+-----
Throwing       | 2 3 |  3.4
Dodging        | 3 4 |  4.4
Long Blades    | 3 4 |  4.1
Axes           | 1 2 |  2.5
Fighting       | 3 |  3.4

Action                   |  1- 3 |  4- 6 |  7- 9 || total
-------------------------+-------+-------+-------++-------
Melee: Long sword        |   129 |     2 |       ||   131
       Kick              |    26 |    17 |       ||    43
       Hand axe          |       |   105 |       ||   105
  Use: Scroll            |     6 |     6 |       ||    12
       Potion            |       |     4 |     3 ||     7
  Eat: Pizza             |     1 |       |       ||     1
       Bread ration      |       |     1 |       ||     1
Armor: Leather armour    |    32 |       |       ||    32
       Plate armour      |    56 |    58 |       ||   114
Dodge: Dodged            |   109 |     7 |       ||   116
Block: Large shield      |       |    46 |       ||    46
